Map: Planta ácida EJ

Players

Taldan - Winner!

  • Race: Protoss Protoss
  • League: Diamond
  • Spawn Location: 5:00

Marte

  • Race: Zerg Zerg
  • League: Diamond
  • Spawn Location: 11:00

VOD

Have the link to the VOD?

Description

Time

  • Played on: Sept. 1, 2018, 7:29 p.m.
  • Length: 9:38
Show
View Real Time Build Order
Export as new Build Order

Taldan Protoss - Winner!

Build Orders:  

Get SALT Encoding   

  12  0:00  Probe  
  13  0:13  Probe  
  14  0:20  Pylon  
  14  0:25  Probe  
  15  0:38  Forge  
  15  0:41  Probe  
  16  0:53  Probe  
  17  0:59  Pylon  
  17  1:12  Probe  
  17  1:18  Photon Cannon  
  18  1:19  Gateway  
  18  1:24  Probe  
  19  1:32  Photon Cannon  
  19  1:41  Assimilator  
  19  1:43  Probe  
  20  1:52  Probe  
  20  1:55  Assimilator  
  20  2:00  Assimilator, Probe  
  22  2:09  Cybernetics Core, Probe  
  23  2:19  Probe  
  23  2:27  Probe  
  25  2:37  Probe  
  25  2:41  Stalker  
  26  2:48  Photon Cannon  
  26  2:55  Robotics Facility  
  28  3:02  Shield Battery  
  27  3:17  Pylon  
  27  3:18  Stalker  
  29  3:34  Pylon  
  29  3:48  Stalker  
  31  3:52  Immortal  
  35  3:56  Pylon  
  33  4:19  Stalker  
  33  4:23  Immortal  
  39  4:49  Stalker  
  41  4:54  Shield Battery  
  41  4:57  Shield Battery  
  41  5:02  Shield Battery, Warp Prism  
  43  5:25  Stalker  
  44  5:30  Gateway  
  44  5:34  Shield Battery  
  44  5:38  Pylon  
  44  5:45  Pylon  
  44  5:57  Immortal  
  46  6:17  Stalker  
  48  6:19  Stalker  
  50  6:27  Immortal  
  50  6:38  Stalker  
  52  6:47  Shield Battery  
  52  6:48  Shield Battery  
  52  6:49  Stalker  
  56  7:01  Warp Gate  
  56  7:07  Stalker  
  58  7:11  Stargate  
  58  7:19  Stalker  
  58  8:12  Phoenix  
  56  8:28  Stargate  
  56  8:31  Phoenix  
  56  8:35  Warp Prism  
  58  8:52  Phoenix  
Show
View Real Time Build Order
Export as new Build Order

Marte Zerg 

Build Orders: Hatch First 

Get SALT Encoding   

  12  0:01  Drone  
  13  0:13  Overlord  
  13  0:30  Drone  
  13  0:32  Drone  
  13  0:33  Drone  
  16  0:42  Drone  
  17  0:54  Hatchery  
  16  0:59  Drone  
  17  1:06  Extractor, Drone  
  17  1:21  Spawning Pool  
  16  1:42  Hatchery  
  15  2:10  Queen  
  15  2:13  Metabolic Boost  
  15  2:14  Spine Crawler  
  15  2:15  Zergling x6  
  19  2:35  Roach Warren  
  18  2:41  Drone  
  18  2:42  Drone  
  20  2:54  Drone  
  20  2:55  Extractor  
  20  3:14  Drone x3  
  20  3:18  Lair  
  23  3:32  Overlord x2  
  21  3:43  Overlord  
  21  3:52  Spore Crawler  
  20  4:03  Drone  
  21  4:21  Roach x4  
  27  4:48  Ravager x2  
  29  4:53  Roach x3  
  35  5:08  Spire, Drone  
  35  5:21  Overlord  
  35  5:43  Ravager x2  
  28  6:13  Zergling x14  
  28  6:14  Zergling x2  
  33  6:34  Mutalisk x2  
  35  6:45  Overlord  
  35  6:46  Mutalisk  
  32  7:08  Roach x3  
  37  7:29  Ravager x3  
  40  7:33  Spawning Pool  
  39  7:46  Mutalisk x2  
  30  8:14  Drone x2  
  25  8:44  Drone  
  26  8:58  Drone  
Tags
 
Add a new tag
Caveats
  • Supply blocks, unpowered buildings, or Contaminate may cause inaccurate times.
  • Supply counts are checked every 10 seconds.